 Dungeon Crawl Stone Soup version 0.22.0-38-g04b72b8 (webtiles) character file.

39 rhythmandbruise the Ruffian (level 3, -6/28 HPs)
             Began as a Draconian Transmuter on Aug 26, 2018.
             Mangled by an orc warrior
             ... wielding a +0 halberd
              (13 damage)
             ... on level 2 of the Dungeon.
             The game lasted 00:03:54 (1164 turns).

rhythmandbruise the Ruffian (Draconian Transmuter)  Turns: 1164, Time: 00:03:56

Health: -6/28      AC:  6    Str: 12    XL:     3   Next: 28%
Magic:  5/6        EV: 12    Int: 14    God:
Gold:   60         SH:  0    Dex: 11    Spells: 3/6 levels left

rFire    . . .     SeeInvis .     - Unarmed
rCold    . . .     Gourm    .   (no shield)
rNeg     . . .     Faith    .   (armour unavailable)
rPois    .         Spirit   .   (helmet restricted)
rElec    .         Reflect  .   (no cloak)
rCorr    .         Harm     .   (no gloves)
MR       .....                  f - +0 pair of boots
Stlth    +.........             h - amulet of rage
HPRegen  0.09/turn              (no ring)
MPRegen  0.10/turn              (no ring)

@: lethally poisoned (-6 -> -29), appendage (expiring)
A: unfitting armour, horns 2, cold-blooded, AC +5
a: End Transformation, Evoke Berserk Rage


You were on level 2 of the Dungeon.
You were not hungry.
You had grown temporary horns.
You visited 1 branch of the dungeon, and saw 2 of its levels.

You collected 60 gold pieces.

Inventory:

Missiles
 a - 10 arrows
Armour
 f - a +0 pair of boots (worn)
Jewellery
 h - an amulet of rage (around neck)
Scrolls
 b - 3 scrolls of teleportation {unknown}
 i - a scroll of fog {unknown}
 j - a scroll of identify {unknown}
Potions
 e - a potion of curing {unknown}
 g - a potion of haste {unknown}
Comestibles
 c - 2 rations


   Skills:
 - Level 1.1 Fighting
 - Level 1.7 Dodging
 - Level 3.6 Unarmed Combat
 - Level 2.0 Spellcasting
 * Level 3.1 Transmutations


You had 3 spell levels left.
You knew the following spells:

 Your Spells              Type           Power        Failure   Level  Hunger
a - Beastly Appendage     Tmut           ##....       7%          1    ##.....
b - Sticks to Snakes      Tmut           ##......     10%         2    ###....

Your spell library contained the following spells:

 Spells                   Type           Power        Failure   Level  Hunger
 Spider Form              Tmut/Pois      #.........   36%         3    ####...
 Ice Form                 Ice/Tmut       #.......     77%         4    #####..
 Blade Hands              Tmut           ##........   88%         5    ######.


Dungeon Overview and Level Annotations

Branches:
Dungeon (2/15)

Altars:

Annotations:
D:2 1 runed door, Sigmund


Innate Abilities, Weirdness & Mutations

Your plain brown scales are hard. (AC +5)
You cannot fit into any form of body armour.
You are cold-blooded and may be slowed by cold attacks.
You have a pair of horns on your head.


Message History

The orc wizard is heavily wounded.
You feel sick. The orc wizard misses you.
You hit the orc wizard.
The orc wizard is almost dead.
Your transformation is almost over.
You feel sick.
The orc wizard hits you but does no damage.
You are more poisoned.
You barely miss the orc wizard.
The orc wizard is almost dead.
You feel sick. The orc wizard closely misses you.
The orc wizard hits you with a dagger of venom.
You closely miss the orc wizard.
The orc wizard is almost dead.
You feel sick. The orc wizard casts a spell at you. The puff of flame hits you!
* * * LOW HITPOINT WARNING * * *
The orc warrior hits you from afar with a halberd!
You die...

.#####.###......#...#####
...# #.#..#######
###.###.#..# #.##.....#
#....#...# #....##....##
#.### ##.#.# #.#.######.#
#....oo@...# #####o######
#o# #[# #.# #o# #o# .$.
.o#


You could see an orc warrior, an orc wizard and an orc.

Vanquished Creatures
  2 adders (D:2)
  A dart slug (D:2)
  A giant cockroach (D:2)
  2 goblins (D:1)
  6 hobgoblins (D:1)
  A bat (D:2)
  2 frilled lizards (D:1)
  2 kobolds (D:1)
  3 rats (D:1)
20 creatures vanquished.

Notes
Turn   | Place    | Note
-------+----------+-------------------------------------------
     0 | D:1      | rhythmandbruise the Draconian Transmuter began the quest for the Orb.
     0 | D:1      | Reached XP level 1. HP: 16/16 MP: 3/3
   209 | D:1      | Reached XP level 2. HP: 13/23 MP: 3/5
   813 | D:2      | Noticed Sigmund
   823 | D:1      | Learned a level 2 spell: Sticks to Snakes
   907 | D:2      | Reached XP level 3. HP: 25/28 MP: 4/6
  1119 | D:2      | Found a runed door.
  1151 | D:2      | Noticed an orc warrior
  1164 | D:2      | Mangled by an orc warrior

Skill      XL: |  1  2  3 |
---------------+----------+-----
Transmutations | 3 |  3.1
Fighting       | |  1.1
Dodging        | |  1.7
Unarmed Combat | |  3.6
Spellcasting   | |  2.0

Action                   || total
-------------------------++-------
Melee: Unarmed           ||    78
       Tailslap          ||     9
       Headbutt          ||     5
       Punch             ||     1
 Cast: Beastly Appendage ||    11
       Sticks to Snakes  ||     2
  Eat: Chunk             ||     1
Armor: Skin              ||    22
Dodge: Dodged            ||    35
